 Dungeon Crawl Stone Soup version 0.31-a0-986-g5e6e4ef867 (webtiles) character file.

Game seed: 8784116960022388142

492 p00ps00p the Trooper (level 7, 0/62 HPs)
             Began as a Hill Orc Fighter on Nov 9, 2023.
             Slain by a lemure (1 damage)
             ... led by Pikel
             ... on level 4 of the Dungeon.
             The game lasted 00:06:56 (3094 turns).

p00ps00p the Trooper (Hill Orc Fighter)             Turns: 3094, Time: 00:06:57

Health: 0/62       AC: 15    Str: 21    XL:     7   Next: 14%
Magic:  7/7        EV:  8    Int:  8    God:
Gold:   141        SH:  6    Dex: 22    Spells: 6/6 levels left

rFire   . . .        a - +0 war axe
rCold   . . .        c - +0 buckler
rNeg    . . .        g - +3 chain mail
rPois   .            i - +0 helmet
rElec   .            (no cloak)
rCorr   .            m - +0 pair of gloves
SInv    .            (no boots)
Will    .....        (no amulet) Stlth
                     e - +6 ring of dexterity
HPRegen 0.30/turn    h - +6 ring of dexterity
MPRegen 0.10/turn

%: no passive effects
@: no status effects
A: no striking features
a: no special abilities


You were on level 4 of the Dungeon.
You visited 1 branch of the dungeon, and saw 4 of its levels.

You collected 141 gold pieces.

Inventory:

Hand Weapons
 a - a +0 war axe (weapon)
Missiles
 f - 6 curare-tipped darts (quivered)
 n - 3 poisoned darts
Armour
 b - a +0 scale mail
 c - a +0 buckler (worn)
 g - a +3 chain mail (worn)
 i - a +0 helmet (worn)
 m - a +0 pair of gloves (worn)
Jewellery
 e - a +6 ring of dexterity (left hand)
 h - a +6 ring of dexterity (right hand)
 j - a ring of resist corrosion
Wands
 d - a wand of roots (12)
Scrolls
 k - a scroll of poison
Potions
 l - a potion of degeneration
 o - a potion of cancellation {unknown}


   Skills:
 + Level 5.6 Fighting
 + Level 5.4 Axes
 + Level 5.2 Armour
 + Level 5.0 Shields


You had 6 spell levels left.
You didn't know any spells.
Your spell library contained the following spells:

 Spells                   Type           Power      Damage    Failure   Level
 Sting                    Tmut/Pois      0%         1d3       98%         1
 Poisonous Vapours        Pois/Air       0%         N/A       99%         2
 Olgreb's Toxic Radiance  Pois           0%         N/A       100%        4


Dungeon Overview and Level Annotations

Branches:
Dungeon (4/15)
 Temple: D:4-7

Altars:

Annotations:
D:4 Pikel


Message History

You are too injured to fight recklessly!
Unknown command.
You are too injured to fight recklessly!
Unknown command.
You closely miss Pikel.
Pikel is moderately wounded.
You hit the lemure but do no damage. You slash the lemure!
You hit the lemure but do no damage. The lemure hits you but does no damage.
Pikel says, "Hell isn't that bad."
Pikel barely misses you. The lemure hits you.
The lemure hits you but does no damage.
You slash Pikel!
Pikel is heavily wounded.
You hit the lemure. You barely miss the lemure. You completely miss the lemure.
The lemure hits you.
* * * LOW HITPOINT WARNING * * *
The lemure hits you but does no damage.
Pikel hits you with a +1 whip of flaming.
* * * LOW HITPOINT WARNING * * *
Pikel burns you.
* * * LOW HITPOINT WARNING * * *
You block the lemure's attack.
You hit Pikel but do no damage.
Pikel is heavily wounded.
You barely miss the lemure. You closely miss the lemure.
You hit the lemure but do no damage. The lemure hits you but does no damage.
Pikel hits you with a +1 whip of flaming.
* * * LOW HITPOINT WARNING * * *
Pikel burns you.
* * * LOW HITPOINT WARNING * * *
The lemure closely misses you. The lemure hits you but does no damage.
You hit Pikel but do no damage.
Pikel is heavily wounded.
You hit the lemure. You slash the lemure! You hit the lemure but do no damage.
Pikel hits you with a +1 whip of flaming.
* * * LOW HITPOINT WARNING * * *
Pikel burns you.
* * * LOW HITPOINT WARNING * * *
The lemure hits you.
You die...

.#..
####.....##
....
....#...##
.#.. ....###.#
.... ... #.#
##.. .. ##.#
##..# #..## #
#.#### #
#@5..#
#.....K55...#
#............#
#...!.......>#
#.........)..#
##..........##
...........##
.##..#...###


You could see Pikel and 3 lemures.

Vanquished Creatures
  A lemure (D:4)
  A phantom (D:4)
  A scorpion (D:4)
  A hound (D:4)
  An orc priest (D:3)
  A sleepcap (D:4)
  Natasha (D:2)
  An iguana (D:3)
  2 orc wizards (D:3)
  Robin (D:2)
  3 adders
  4 dart slugs
  17 orcs
  13 bats
  8 endoplasms
  3 giant cockroaches
  19 goblins
  9 hobgoblins
  7 jackals (D:2)
  5 quokkas
  6 ball pythons
  7 frilled lizards
  4 kobolds
  8 rats
124 creatures vanquished.

Notes
Turn   | Place    | Note
-------+----------+-------------------------------------------
     0 | D:1      | p00ps00p the Hill Orc Fighter began the quest for the Orb.
     0 | D:1      | Reached XP level 1. HP: 19/19 MP: 1/1
    66 | D:1      | Reached XP level 2. HP: 24/27 MP: 2/2
   279 | D:1      | Found a faded altar of an unknown god.
   354 | D:1      | Reached XP level 3. HP: 31/31 MP: 3/3
   848 | D:2      | Reached XP level 4. HP: 21/40 MP: 4/4
  1136 | D:2      | Noticed Robin
  1152 | D:2      | Killed Robin
  1183 | D:2      | Noticed Natasha
  1189 | D:2      | Killed Natasha
  1190 | D:2      | Reached XP level 5. HP: 44/47 MP: 5/5
  2554 | D:4      | Reached XP level 6. HP: 55/55 MP: 6/6
  2560 | D:4      | Reached skill level 5 in Fighting
  2973 | D:4      | Reached skill level 5 in Axes
  3035 | D:4      | Reached skill level 5 in Armour
  3078 | D:4      | Noticed Pikel
  3083 | D:4      | Reached skill level 5 in Shields
  3083 | D:4      | Reached XP level 7. HP: 48/62 MP: 7/7
  3094 | D:4      | HP: 2/62 [Pikel/+1 whip of flaming (6)]
  3094 | D:4      | Slain by a lemure

Illustrated notes

Levels and vault maps discovered:
D:1:      dpeg_arrival_rooms_with_view, layout_rooms,
          ebering_ecumenical_altar_abandoned
D:2:      layout_rooms, uniq_natasha, uniq_robin
D:3:      layout_basic, st_stairs_2
D:4:      layout_rooms, serial_glass, glass_columns_a, glass_columns_b,
          minmay_strange_pillars, feat_on_display, item_on_display_a, uniq_pikel

Skill      XL: |  1  2  3  4  5  6 |
---------------+-------------------+-----
Axes           | 3 4 5 |  5.4
Fighting       | 4 5 |  5.6
Armour         | 4 5 |  5.2
Shields        | 4 5 |  5.0

Action                     |  1- 3 |  4- 6 |  7- 9 || total
---------------------------+-------+-------+-------++-------
  Melee: War axe           |   111 |   179 |    12 ||   302
    Use: Scroll            |     3 |     3 |       ||     6
         Potion            |       |     1 |       ||     1
 Armour: Scale mail        |    60 |       |       ||    60
         Chain mail        |    16 |   198 |    28 ||   242
         Skin              |     5 |       |       ||     5
  Dodge: Dodged            |    67 |    81 |     7 ||   155
  Block: Buckler           |    41 |    51 |     5 ||    97

Table legend: (Time is in decaauts)
 A = Elapsed time spent in this place.
 B = Non-inter-level travel time spent in this place.
 C = Inter-level travel time spent in this place.
 D = Time resting spent in this place.
 E = Time spent auto-exploring this place.
 F = Levels seen in this place.
 G = Mean time per level.
                   A        B        C        D        E       F      G
               +--------+--------+--------+--------+--------+-----+--------+
         Total |   3191 |   3108 |     83 |    668 |   1693 |   4 |  797.8 |
       Dungeon |   3191 |   3108 |     83 |    668 |   1693 |   4 |  797.8 |
               +--------+--------+--------+--------+--------+-----+--------+

Top non-repeatable levels by time:
     D:3: 1498 daAuts
     D:1: 713 daAuts
     D:2: 645 daAuts
     D:4: 333 daAuts
